 Dungeon Crawl Stone Soup version 0.31-a0-472-g43a2ca8e1b (webtiles) character file.

Game seed: 13681143006770583310

33 Ethylacetat the Changeling (level 3, -1/36 HPs)
             Began as an Octopode Shapeshifter on Aug 6, 2023.
             Slain by a rat (2 damage)
             ... on level 2 of the Dungeon.
             The game lasted 00:01:20 (880 turns).

Ethylacetat the Changeling (Octopode Shapeshifter)   Turns: 880, Time: 00:01:20

Health: -1/36      AC: 21    Str: 14    XL:     3   Next: 29%
Magic:  3/3        EV:  2    Int: 10    God:
Gold:   46         SH:  0    Dex: 14    Spells: 2/2 levels left

rFire   . .          .
                       - Unarmed
rCold   . . .        (no shield)
rNeg    . . .        (helmet currently unavailable)
rPois   +            (no amulet)
rElec   .            (no ring)
rCorr   .            (no ring)
SInv    .            (no ring)
Will    .....        (no ring)
Stlth   +            (no ring)
HPRegen 0.26/turn    (no ring)
MPRegen 0.08/turn    (no ring)
                     (no ring)

%: no passive effects
@: brilliant, tree-form, attractive, slowed, very slow
A: stationary, stasis, torment immunity, boosted hp, almost no armour,
(amphibious), 8 rings, (camouflage 1), (gelatinous body 1), (nimble swimmer 1),
(tentacles)
a: no special abilities


You were on level 2 of the Dungeon.
You were a tree.
You visited 1 branch of the dungeon, and saw 2 of its levels.

You collected 46 gold pieces.

Inventory:

Talismans
 b - a beast talisman
Scrolls
 c - a scroll of enchant armour {unknown}
 e - a scroll of fog {unknown}
 g - a scroll of silence {unknown}


   Skills:
 + Level 1.6 Fighting
 - Level 2.0 Dodging
 + Level 3.3 Unarmed Combat
 * Level 3.5 Shapeshifting


You had 2 spell levels left.
You didn't know any spells.
Your spell library was empty.

Dungeon Overview and Level Annotations

Branches:
Dungeon (2/15)

Altars:

Shops:
D:1 ?

Annotations:
D:2 Natasha


Innate Abilities, Weirdness & Mutations

You are a tree.
Your roots penetrate the ground, keeping you stationary.
You cannot be teleported.
You are immune to unholy pain and torment.
Your maximum health is greatly increased.
You cannot wear most types of armour.
((You are amphibious.))
You can wear up to eight rings at the same time.
((Your skin changes colour to match your surroundings (Stealth+).))
((Your rubbery body absorbs attacks. (AC +1, EV +1)))
((You are camouflaged when in or above water. (Stealth+)))
((You have tentacles for arms and can constrict up to eight enemies at once.))


Message History

* * * LOW HITPOINT WARNING * * *
You barely miss the adder.
The adder bites you but does no damage. x2
Natasha claws you but does no damage. The rat bites you but does no damage.
You closely miss the adder. The adder bites you but does no damage.
Natasha casts a spell at you. You resist with significant effort.
The adder bites you but does no damage. The rat bites you but does no damage.
Natasha claws you but does no damage.
You smack the adder!
You kill the adder!
The rat bites you but does no damage. Natasha claws you but does no damage.
The rat barely misses you.
You barely miss Natasha.
Natasha zaps a wand.
The puff of flame hits you but does no damage.
The rat completely misses you.
Natasha hisses.
Natasha claws you but does no damage.
You completely miss Natasha. The rat bites you but does no damage.
Natasha mumbles some strange words.
You hit Natasha but do no damage. The rat bites you but does no damage.
Natasha zaps a wand.
The puff of flame hits you but does no damage.
The cerulean imp hits you from afar with a +2 spear.
* * * LOW HITPOINT WARNING * * *
The rat bites you but does no damage.
You barely miss Natasha. Natasha claws you.
* * * LOW HITPOINT WARNING * * *
The cerulean imp barely misses you. The rat bites you but does no damage.
Natasha stares at you and mumbles some strange words.
The magic dart hits you but does no damage.
You closely miss Natasha.
The cerulean imp hits you but does no damage.
The rat bites you but does no damage.
Natasha zaps a wand.
The puff of flame hits you.
* * * LOW HITPOINT WARNING * * *
The cerulean imp barely misses you.
You barely miss Natasha. The rat bites you but does no damage.
Natasha mumbles some strange words.
The cerulean imp hits you but does no damage.
The rat bites you.
You die...

#.##.##........
#.##.##..######
#.##.##..# ##.##.##..#
#### ##.#.......#
....#####.##.###...#
###......###.# #...#
#......r#.##.###...#
......5h♣5.#.. ....#
#......†#....#.#...#
#.......#.###..#.#.#
#........##
##.....######
#.........
#............
..........r
.###.#.######
..........#.## #.#...#
|......#...##.##..##.#
....... .... #.#...#.#


You could see Natasha, 2 cerulean imps and a rat.

Vanquished Creatures
  An adder (D:2)
  A dart slug (D:2)
  An endoplasm (D:1)
  A giant cockroach (D:1)
  2 goblins
  2 hobgoblins
  2 quokkas (D:1)
  2 ball pythons (D:2)
  4 bats (D:1)
  4 frilled lizards (D:1)
  2 kobolds
  2 rats (D:1)
24 creatures vanquished.

Notes
Turn   | Place    | Note
-------+----------+-------------------------------------------
     0 | D:1      | Ethylacetat the Octopode Shapeshifter began the quest for
                  | the Orb.
     0 | D:1      | Reached XP level 1. HP: 13/13 MP: 1/1
   176 | D:1      | Reached XP level 2. HP: 13/18 MP: 2/2
   544 | D:1      | Found Lucvotil's Magic Scroll Shoppe.
   703 | D:2      | Found a faded altar of an unknown god.
   804 | D:2      | Reached XP level 3. HP: 23/23 MP: 3/3
   863 | D:2      | Noticed Natasha
   879 | D:2      | HP: 1/36 [Natasha/puff of flame (5)]
   880 | D:2      | Slain by a rat

Illustrated notes

Levels and vault maps discovered:
D:1:      wander_arrival_lonely_grave, layout_loops_ring, serial_shops, shop,
          grunt_decor_cap
D:2:      layout_loops_ring, ebering_ecumenical_altar_ruins, basic_altar,
          uniq_terence, uniq_natasha

Action                     || total
---------------------------++-------
  Melee: Unarmed           ||    45
         Constrict         ||     7
         Tentacles         ||     3
    Use: Potion            ||     4
   Stab: Sleeping          ||     4
 Armour: Skin              ||    31
  Dodge: Dodged            ||    21

Table legend: (Time is in decaauts)
 A = Elapsed time spent in this place.
 B = Non-inter-level travel time spent in this place.
 C = Inter-level travel time spent in this place.
 D = Time resting spent in this place.
 E = Time spent auto-exploring this place.
 F = Levels seen in this place.
 G = Mean time per level.
                   A        B        C        D        E       F      G
               +--------+--------+--------+--------+--------+-----+--------+
         Total |    881 |    874 |      7 |      0 |    711 |   2 |  440.5 |
       Dungeon |    881 |    874 |      7 |      0 |    711 |   2 |  440.5 |
               +--------+--------+--------+--------+--------+-----+--------+

Top non-repeatable levels by time:
     D:1: 610 daAuts
     D:2: 271 daAuts
